 Dungeon Crawl Stone Soup version 0.27.1-33-g824d729ab1 (webtiles) character file.

Game seed: 6009954053639053780

6311 alasdair19 the Carver (level 10, -1/88 HPs)
             Began as a Minotaur Fighter on Dec 11, 2021.
             Succumbed to Sonja's poison
             ... on level 10 of the Dungeon.
             The game lasted 00:27:51 (10434 turns).

alasdair19 the Carver (Minotaur Fighter)           Turns: 10434, Time: 00:27:52

Health: -1/88      AC: 18    Str: 22    XL:     10   Next: 64%
Magic:  9/9        EV: 11    Int:  6    God:
Gold:   188        SH: 11    Dex: 11    Spells: 9/9 levels left

rFire    . . .     SeeInvis .   a - +0 long sword
rCold    . . .     Faith    .   c - +0 kite shield
rNeg     . . .     Spirit   .   v - +2 chain mail {rPois}
rPois    +         Reflect  .   (helmet restricted)
rElec    .         Harm     .   F - +2 cloak {Will+}
rCorr    .         Rampage  .   g - +1 pair of gloves
Will     +....                  (no boots)
Stlth    ..........             (no amulet)
HPRegen  0.24/turn              i - +4 ring of evasion
MPRegen  0.11/turn              (no ring)

@: mighty, lethally poisoned (-1 -> -38)
A: horns 2, retaliatory headbutt
a: no special abilities


You were on level 10 of the Dungeon.
You visited 2 branches of the dungeon, and saw 11 of its levels.

You collected 489 gold pieces.
You spent 301 gold pieces at shops.

Inventory:

Hand Weapons
 a - a +0 long sword (weapon)
 q - a +2 short sword of speed
Missiles
 l - 40 poisoned darts (quivered)
 H - 5 boomerangs
 I - a curare-tipped dart
Armour
 c - a +0 kite shield (worn)
 g - a +1 pair of gloves (worn)
 v - a +2 chain mail of poison resistance (worn)
 w - a +0 cloak
 F - a +2 cloak of willpower (worn)
 G - a +1 chain mail of fire resistance
Jewellery
 i - a +4 ring of evasion (left hand)
 u - a +4 ring of slaying
Wands
 n - a wand of acid (9)
 r - a wand of polymorph (8)
 s - a wand of flame (42)
 x - a wand of iceblast (2)
 B - a wand of paralysis (11)
 E - a wand of mindburst (26)
Scrolls
 b - 7 scrolls of teleportation
 h - a scroll of amnesia {unknown}
 k - a scroll of immolation {unknown}
 m - a scroll of blinking {unknown}
 o - a scroll of torment {unknown}
 p - 2 scrolls of enchant armour
 t - a scroll of summoning
 y - a scroll of vulnerability {unknown}
 C - 2 scrolls of enchant weapon {unknown}
 D - a scroll of holy word
 K - a scroll of fear {unknown}
Potions
 e - a potion of lignification
 f - a potion of berserk rage
 j - 3 potions of heal wounds
 z - a potion of invisibility
 A - a potion of magic
 L - a potion of flight {unknown}
Miscellaneous
 J - a condenser vane


   Skills:
 + Level 7.7 Fighting
 + Level 11.0 Long Blades
 + Level 6.5 Throwing
 + Level 8.5 Armour
 + Level 9.0 Shields
 * Level 3.5 Evocations


You had 9 spell levels left.
You didn't know any spells.
Your spell library contained the following spells:

 Spells                   Type           Power      Damage    Failure   Level
 Freeze                   Ice            0%         1d3       100%        1
 Frozen Ramparts          Ice            0%         1d2       100%        3
 Hailstorm                Conj/Ice       0%         3d3       100%        4
 Petrify                  Tmut/Erth      0%         N/A       100%        4
 Metabolic Englaciation   Hex/Ice        0%         N/A       100%        5
 Statue Form              Tmut/Erth      0%         N/A       100%        6
 Malign Gateway           Summ/Tloc      0%         N/A       100%        7
 Summon Horrible Things   Summ           0%         N/A       100%        8


Dungeon Overview and Level Annotations

Branches:
Dungeon (10/15)            Temple (1/1) D:4            Lair (0/6) D:8
    Orc: D:9-12

Altars:
Ashenzari
Cheibriados
Dithmenos
Elyvilon
Fedhas
Gozag
Hepliaklqana
Kikubaaqudgha
Makhleb
Nemelex Xobeh
Qazlal
Ru
Sif Muna
Trog
Uskayaw
Vehumet
Wu Jian
Xom
Yredelemnul
Zin
The Shining One

Shops:
D:1 *   D:7 [

Annotations:
D:10 Sonja


Innate Abilities, Weirdness & Mutations

You have a pair of horns on your head.
You reflexively headbutt those who attack you in melee.


Message History

You are more poisoned.
Sonja hits you but does no damage.
You are more poisoned.
You block Sonja's attack.
You closely miss Sonja.
Sonja is almost dead.
You feel extremely sick. Sonja hits you but does no damage.
You are more poisoned.
Sonja hits you with a +1 dagger of venom. x2
You are lethally poisoned!
Sonja drinks a potion.
Sonja is healed!
You closely miss Sonja.
Sonja is severely wounded.
You feel extremely sick. You block Sonja's attack.
Sonja hits you but does no damage.
You are more poisoned.
Sonja hits you but does no damage.
You barely miss Sonja.
Sonja is severely wounded.
* * * LOW HITPOINT WARNING * * *
You feel extremely sick. You block Sonja's attack.
Sonja hits you but does no damage. You block Sonja's attack.
You completely miss Sonja. Your headbutt misses Sonja.
Sonja is severely wounded.
* * * LOW HITPOINT WARNING * * *
You feel extremely sick. You block Sonja's attack.
Sonja hits you but does no damage.
Sonja hits you with a +1 dagger of venom.
* * * LOW HITPOINT WARNING * * *
You are more poisoned.
Sonja hits you but does no damage. x2
You are more poisoned.
Sonja hits you but does no damage.
* * * LOW HITPOINT WARNING * * *
You feel extremely sick.
Sonja mumbles some strange words.
Sonja blinks!
You die...

..... #...# ..... #...#
......####...# .
..............####.. .....
[................... ....
.................# #...
.................# #...
.................# #...
>......((..@.....# #(..
.................## ####...
.................... .(!....
YY.................$........
..####..#######..K..........
#..# ..########### #..# ..#
#..# .# #..#


You could see Sonja.

Vanquished Creatures
  A two-headed ogre (D:8)
  A troll (D:9)
  A hornet (D:8)
  A shadow (D:9)
  6 yaks
  2 wyverns
  4 steam dragons
  Edmund (D:5)
  A water moccasin (D:7)
  4 sky beasts
  2 orc warriors
  5 ogres
  A centaur (D:9)
  A phantom (D:4)
  2 kobold brigands
  3 bullfrogs
  A wyvern zombie (D:9)
  A gnoll sergeant (D:8)
  A scorpion (D:8)
  A water moccasin skeleton (D:6)
  9 wights
  6 howler monkeys
  A centaur zombie (D:9)
  A jelly (D:8)
  A centaur skeleton (D:7)
  2 hounds
  8 orc priests
  3 bullfrog skeletons
  3 iguanas
  Jessica (D:2)
  8 orc wizards
  A hound skeleton (D:4)
  4 gnolls (D:8)
  5 adders
  A howler monkey skeleton (D:5)
  A shadow imp (D:5)
  3 white imps
  An adder skeleton (D:4)
  2 dart slugs
  32 orcs
  8 ball pythons
  8 endoplasms
  5 giant cockroaches
  8 hobgoblins
  4 jackals (D:2)
  18 kobolds
  4 quokkas
  6 bats
  3 frilled lizards
  5 goblins
  6 rats
208 creatures vanquished.

Vanquished Creatures (others)
  2 orc wizards
  An orc (D:8)
  9 fungi (D:8)
  11 plants (D:8)
23 creatures vanquished.

Grand Total: 231 creatures vanquished

Notes
Turn   | Place    | Note
-------+----------+-------------------------------------------
     0 | D:1      | alasdair19 the Minotaur Fighter began the quest for the
                  | Orb.
     0 | D:1      | Reached XP level 1. HP: 19/19 MP: 0/0
   134 | D:1      | Found Vixi's General Store.
   213 | D:1      | Found a faded altar of an unknown god.
   229 | D:1      | Reached XP level 2. HP: 23/27 MP: 1/1
   561 | D:1      | Reached XP level 3. HP: 33/33 MP: 2/2
  1152 | D:2      | Reached skill level 1 in Throwing
  1223 | D:2      | Noticed Jessica
  1237 | D:2      | Killed Jessica
  1238 | D:2      | Reached skill level 3 in Long Blades
  1238 | D:2      | Reached XP level 4. HP: 30/41 MP: 3/3
  1888 | D:3      | Reached XP level 5. HP: 46/47 MP: 4/4
  2550 | D:4      | Reached skill level 4 in Long Blades
  2585 | D:4      | Found a staircase to the Ecumenical Temple.
  2594 | Temple   | Entered the Ecumenical Temple
  2756 | D:4      | Reached skill level 5 in Shields
  2831 | D:4      | Reached XP level 6. HP: 43/53 MP: 5/5
  2973 | D:4      | Reached skill level 5 in Armour
  3001 | D:4      | Reached skill level 5 in Fighting
  3201 | D:4      | Reached skill level 5 in Long Blades
  3226 | D:4      | Reached XP level 7. HP: 42/61 MP: 6/6
  3497 | D:4      | Found an ornate altar of the Wu Jian Council.
  3500 | D:4      | Found an opulent altar of Gozag.
  4033 | D:5      | Entered Level 5 of the Dungeon
  4391 | D:5      | Reached skill level 6 in Long Blades
  4625 | D:5      | Found a sacrificial altar of Ru.
  4740 | D:5      | Reached XP level 8. HP: 63/70 MP: 7/7
  5016 | D:5      | Noticed Edmund
  5054 | D:5      | Killed Edmund
  5055 | D:5      | Reached skill level 7 in Long Blades
  5586 | D:6      | Found a stormy altar of Qazlal.
  6114 | D:7      | Found an ancient bone altar of Kikubaaqudgha.
  6233 | D:7      | Found a basalt altar of Yredelemnul.
  6275 | D:7      | Reached skill level 8 in Long Blades
  6504 | D:7      | Reached skill level 5 in Throwing
  6542 | D:7      | Found Miovuj's Armour Emporium.
  6562 | D:7      | Reached XP level 9. HP: 66/75 MP: 8/8
  6750 | D:7      | You fall into a shaft and drop 1 floor!
  6997 | D:8      | Found a sparkling altar of Nemelex Xobeh.
  7000 | D:8      | Noticed a two-headed ogre
  7035 | D:8      | Killed a two-headed ogre
  7036 | D:8      | Reached skill level 9 in Long Blades
  7074 | D:8      | Reached skill level 1 in Evocations
  7474 | D:8      | Reached skill level 10 in Long Blades
  7475 | D:8      | Found a staircase to the Lair.
  7605 | D:8      | Found a white marble altar of Elyvilon.
  7605 | D:8      | Found a blossoming altar of Fedhas.
  7978 | D:8      | Found a hazy altar of Hepliaklqana.
  8140 | D:1      | Bought a +2 cloak of willpower for 301 gold pieces
  8647 | D:9      | Reached XP level 10. HP: 86/86 MP: 9/9
  9230 | D:9      | Found a shadowy altar of Dithmenos.
  9782 | D:10     | Entered Level 10 of the Dungeon
  9782 | D:10     | Noticed Sonja
 10192 | D:9      | Reached skill level 11 in Long Blades
 10434 | D:10     | Succumbed to Sonja's poison

Illustrated notes

Levels and vault maps discovered:
D:1:      lordsloth_arrival_two_stooges, layout_loops_ring,
          hellmonk_ecumenical_altar_run_dry, serial_shops,
          nicolae_lakefront_shop, minmay_misc_feat_rugged
D:2:      layout_basic, uniq_jessica
D:3:      layout_basic
D:4:      layout_cave_pods, nicolae_overflow_hidden_temple,
          minmay_temple_entry_arrows
D:5:      layout_loops_corners, nicolae_ru_great_annihilating_truth, uniq_edmund
D:6:      layout_rooms, lemuel_doored_altar
D:7:      layout_gridville, yredelemnul_altar_generic, kiku_gazebo_pond_becter,
          serial_shops, shop_fountains
D:8:      layout_loops_ring, nicolae_hepliaklqana_hazy_memory,
          mainiacjoe_overflow_cross_hatched, amethyst_overflow_temple_binary,
          grunt_lair_entry_orc_guard_hut, serial_aquarium,
          aquarium_bridge_square [aquarium_subvault_bridge,
          aquarium_subvault_balcony, aquarium_subvault_bridge,
          aquarium_subvault_wall], aquarium_bridge_straight
          [aquarium_subvault_bridge, aquarium_subvault_wall,
          aquarium_subvault_bridge, aquarium_subvault_wall], aquarium_window_2,
          aquarium_window_corridor_3, aquarium_view_2d, aquarium_view_2a,
          aquarium_balcony_3a, aquarium_pool_2, chequers_serial_rivers_micro_c,
          nicolae_underground_beach
D:9:      layout_basic, nicolae_dithmenos_the_darkroom, hangedman_misty_isle
D:10:     layout_small_grid, overflow_temple_1_default, hiddenorc2_lemuel,
          uniq_fannar, uniq_sonja, uniq_nergalle
Temple:   compressed_dpeg_circular_temple

Skill      XL: |  1  2  3  4  5  6  7  8  9 10 |
---------------+-------------------------------+-----
Armour         | 4 5 6 7 8 |  8.5
Fighting       | 4 5 6 7 |  7.7
Shields        | 4 5 6 7 9 |  9.0
Throwing       | 1 2 3 5 6 |  6.5
Long Blades    | 3 4 5 6 8 10 11 | 11.0
Evocations     | 2 3 |  3.5

Action                   |  1- 3 |  4- 6 |  7- 9 | 10-12 || total
-------------------------+-------+-------+-------+-------++-------
Melee: Long sword        |    96 |   155 |   286 |   220 ||   757
       Headbutt          |    13 |    21 |    64 |    40 ||   138
Throw: Throwing net      |     2 |       |       |       ||     2
       Dart              |       |     6 |    46 |    16 ||    68
  Use: Scroll            |     1 |     1 |     7 |     1 ||    10
       Potion            |       |       |       |     1 ||     1
Armor: Scale mail        |    20 |       |       |       ||    20
       Chain mail        |    29 |    78 |   114 |   133 ||   354
Dodge: Dodged            |    27 |    51 |    93 |    56 ||   227
Block: Kite shield       |    60 |    66 |   152 |   153 ||   431
       Rpst.: Long sword |     8 |    14 |    18 |    12 ||    52
